 Dungeon Crawl Stone Soup version 0.26.1-11-gd32895ea62 (webtiles) character file.

Game seed: 10254244592113808512

27120 Zeld the Martial Artist (level 13, -9/104 HPs)
             Began as a Gnoll Monk on May 30, 2021.
             Was an Elder of Elyvilon.
             Mangled by a vault guard
             ... wielding a +2 great sword of draining
              (24 damage)
             ... on level 13 of the Dungeon.
             The game lasted 00:38:34 (25717 turns).

Zeld the Martial Artist (Gnoll Monk)               Turns: 25717, Time: 00:38:35

Health: -9/104     AC: 12    Str: 18    XL:     13   Next: 30%
Magic:  25/25      EV: 20    Int: 13    God:    Elyvilon [****..]
Gold:   312        SH:  0    Dex: 18    Spells: 28/28 levels left

rFire    . . .     SeeInvis .   a - +8 hand axe (vorpal)
rCold    + + .     Faith    .   (no shield)
rNeg     . . .     Spirit   .   s - +0 troll leather armour
rPois    .         Reflect  .   L - +0 helmet
rElec    .         Harm     .   (no cloak)
rCorr    .         Rampage  .   h - +2 pair of gloves
Will     .....                  D - +1 pair of boots
Stlth    ++++......             H - amulet of Votsutta {RegenMP rC+}
HPRegen  0.67/turn              d - ring of protection from cold
MPRegen  0.44/turn              (no ring)

@: about to teleport
A: distributed training, fangs 1, strong nose
a: Renounce Religion, Lesser Healing, Heal Other, Purification, Greater Healing,
Divine Protection


You were on level 13 of the Dungeon.
You worshipped Elyvilon.
Elyvilon was greatly pleased with you.
You visited 2 branches of the dungeon, and saw 14 of its levels.

You collected 1070 gold pieces.
You spent 758 gold pieces at shops.

Inventory:

Hand Weapons
 a - a +8 vorpal hand axe (weapon)
 b - a +4 hand axe of holy wrath
 o - a +1 whip of flaming
Missiles
 c - 3 atropa-tipped darts
 f - 16 poisoned darts (quivered)
 v - 2 curare-tipped darts
 y - 12 boomerangs
 E - 2 throwing nets
 I - 3 javelins
Armour
 h - a +2 pair of gloves (worn)
 s - a +0 troll leather armour (worn)
 D - a +1 pair of boots (worn)
 L - a +0 helmet (worn)
Jewellery
 d - a ring of protection from cold (left hand)
 H - the amulet of Votsutta (around neck) {RegenMP rC+}
   (You found it on level 5 of the Dungeon)

   [amulet of magic regeneration]

   It increases your magic regeneration.
   It protects you from cold.
Wands
 w - a wand of enslavement (4)
 B - a wand of iceblast (7)
 N - a wand of disintegration (8)
Scrolls
 e - 5 scrolls of teleportation
 i - 11 scrolls of remove curse
 k - 2 scrolls of magic mapping
 p - 2 scrolls of blinking
 t - a scroll of identify
 u - a scroll of amnesia
 A - a scroll of silence
Potions
 g - 4 potions of haste
 j - 6 potions of curing
 l - a potion of magic
 m - 3 potions of cancellation
 n - a potion of ambrosia {unknown}
 q - a potion of resistance {unknown}
 r - 7 potions of degeneration {unknown}
 x - 2 potions of mutation {unknown}
 z - 3 potions of flight
 C - a potion of might
 G - a potion of brilliance {unknown}
 K - a potion of lignification {unknown}


   Skills:
 + Level 10.4 Fighting
 + Level 8.1 Short Blades
 + Level 8.1 Long Blades
 + Level 8.1 Axes
 + Level 8.1 Maces & Flails
 + Level 8.1 Polearms
 + Level 8.1 Staves
 + Level 8.1 Slings
 + Level 8.1 Bows
 + Level 8.1 Crossbows
 + Level 8.1 Throwing
 + Level 8.1 Armour
 + Level 10.4 Dodging
 + Level 9.2 Stealth
 + Level 8.1 Shields
 + Level 10.4 Unarmed Combat
 + Level 8.1 Spellcasting
 + Level 6.8 Conjurations
 + Level 6.8 Hexes
 + Level 6.8 Summonings
 + Level 6.8 Necromancy
 + Level 6.8 Translocations
 + Level 6.8 Transmutations
 + Level 6.8 Fire Magic
 + Level 6.8 Ice Magic
 + Level 6.8 Air Magic
 + Level 6.8 Earth Magic
 + Level 6.8 Poison Magic
 + Level 8.9 Invocations
 + Level 8.1 Evocations


You had 28 spell levels left.
You didn't know any spells.
Your spell library contained the following spells:

 Spells                   Type           Power        Failure   Level
 Beastly Appendage        Tmut           46%          1%          1
 Corona                   Hex            25%          1%          1
 Freeze                   Ice            92%          1%          1
 Shock                    Conj/Air       92%          1%          1
 Sting                    Tmut/Pois      92%          1%          1
 Summon Small Mammal      Summ           92%          1%          1
 Call Imp                 Summ           23%          1%          2
 Slow                     Hex            23%          1%          2
 Swiftness                Air            23%          1%          2
 Wereblood                Tmut           23%          1%          2
 Call Canine Familiar     Summ           23%          2%          3
 Confusing Touch          Hex            23%          2%          3
 Frozen Ramparts          Ice            46%          2%          3
 Gell's Gravitas          Tloc           11%          2%          3
 Inner Flame              Hex/Fire       23%          2%          3
 Ozocubu's Armour         Ice            23%          2%          3
 Portal Projectile        Hex/Tloc       46%          2%          3
 Spider Form              Tmut/Pois      11%          2%          3
 Static Discharge         Conj/Air       23%          2%          3
 Summon Guardian Golem    Hex/Summ       23%          2%          3
 Airstrike                Air            11%          10%         4
 Cause Fear               Hex            11%          10%         4
 Hailstorm                Conj/Ice       23%          10%         4
 Ice Form                 Ice/Tmut       23%          10%         4
 Leda's Liquefaction      Hex/Erth       11%          10%         4
 Petrify                  Tmut/Erth      23%          10%         4
 Summon Ice Beast         Ice/Summ       23%          10%         4
 Summon Lightning Spire   Summ/Air       23%          10%         4
 Blade Hands              Tmut           11%          26%         5
 Irradiate                Conj/Tmut      11%          26%         5
 Lightning Bolt           Conj/Air       11%          26%         5
 Metabolic Englaciation   Hex/Ice        11%          26%         5
 Yara's Violent Unravell  Hex/Tmut       11%          26%         5
 Eringya's Noxious Bog    Tmut/Pois      11%          82%         6
 Hydra Form               Tmut           11%          82%         6


Dungeon Overview and Level Annotations

Branches:
Dungeon (13/15)            Temple (0/1) D:5            Lair (1/6) D:11
    Orc (0/2) D:11         Vaults (0/5) D:13

Altars:
Cheibriados
Dithmenos
Elyvilon
Kikubaaqudgha
Makhleb
Nemelex Xobeh
Qazlal
Vehumet
Xom
Yredelemnul

Shops:
D:6 !   D:7 !   D:8 (   D:9 :   D:10 *=*!*


Innate Abilities, Weirdness & Mutations

Your experience applies equally to all skills.
You have very sharp teeth.
Your uncanny sense of smell can sniff out nearby items.


Message History

The vault guard hits you with a +3 battleaxe.
The vault guard hits you with a +3 battleaxe!
The vault guard hits you with a +3 battleaxe!!
The vault guard hits you with a +3 battleaxe!
Unknown command.
You hit the vault guard but do no damage.
The vault guard hits you with a +3 battleaxe.
Unknown command.
The vault guard hits you with a +3 battleaxe.
* * * LOW HITPOINT WARNING * * *
Blink to where?
Press: ? - help, Dir - move target, f - you
Okay, then.
You feel yourself speed up.
As you read the scroll of teleportation, it crumbles to dust.
You feel strangely unstable.
The vault guard hits you with a +3 battleaxe!
* * * LOW HITPOINT WARNING * * *
The vault guard hits you with a +2 great sword of draining!!
You die...

#.######<#
#......#.#
#.####.#.#
#....#.#.#
#.##.#.#.#
#..#.#.#.####
#..#.#.#....#
#..#.#.####p##
#####.........pp@#
....(#.#.#.#######
####.#.#.#.......#
#.#.#p######.##
#.#.#p######.#
#.#.#...pp##.#
#.#.#####.##.#
#.#.# #.##.# #.#.#
#.##.#


You could see 2 vault guards and a wizard (fast).

Vanquished Creatures
  A boulder beetle (D:13)
  A death knight (D:11)
  3 centaur warriors
  3 two-headed ogres
  3 death yaks
  4 skeletal warriors
  An unseen horror (D:13)
  A phantasmal warrior (D:12)
  A necromancer (D:13)
  An ugly thing (D:11)
  A cyclops (D:12)
  A manticore (D:12)
  Maurice (D:10)
  Maggie (D:6)
  2 trolls
  Sigmund (D:2)
  3 wraiths
  3 wyverns
  A vampire (D:11)
  12 yaks
  Eustachio (D:5)
  A yak (shapeshifter) (D:13)
  16 humans (D:13)
  4 vampire mosquitoes (D:12)
  A steam dragon (D:12)
  Menkaure (D:5)
  A black bear (D:7)
  An orc warrior (D:12)
  2 ice beasts
  3 phantoms
  2 necrophages (D:9)
  5 sky beasts
  2 eyes of draining
  13 centaurs
  3 ogres
  An elf zombie (D:9)
  2 big kobolds
  9 bullfrogs
  A gnoll sergeant (D:13)
  6 scorpions
  10 wights
  21 killer bees
  4 electric eels (D:7)
  6 howler monkeys
  A crimson imp (D:9)
  3 bullfrog zombies
  3 centaur zombies
  7 human zombies (D:9)
  2 quasits
  5 orc priests
  5 bullfrog skeletons
  7 hounds
  3 jellies
  11 orc wizards
  2 centaur skeletons
  8 iguanas
  Terence (D:2)
  Natasha (thrice) (D:2)
  A hell rat (D:11)
  12 worker ants
  A killer bee zombie (D:7)
  2 hound zombies
  A hound skeleton (D:10)
  A howler monkey zombie (D:6)
  3 worker ant zombies
  11 gnolls
  A howler monkey skeleton (D:3)
  15 adders
  3 river rats (D:11)
  6 shadow imps
  4 white imps
  5 ufetubi
  2 oozes
  An adder skeleton (D:5)
  5 worms
  5 leopard geckos
  35 orcs
  A ball python (D:4)
  5 giant cockroaches
  8 goblins
  11 hobgoblins
  9 jackals
  12 quokkas
  10 bats
  5 frilled lizards
  21 kobolds
  An orc skeleton (D:9)
  A quokka skeleton (D:5)
  10 rats
  A spectral orc (D:3)
431 creatures vanquished.

Vanquished Creatures (others)
  A wraith (D:12)
  24 plants (D:7)
25 creatures vanquished.

Grand Total: 456 creatures vanquished

Notes
Turn   | Place    | Note
-------+----------+-------------------------------------------
     0 | D:1      | Zeld the Gnoll Monk began the quest for the Orb.
     0 | D:1      | Reached XP level 1. HP: 23/23 MP: 1/1
     3 | D:1      | Noticed an ogre
     5 | D:1      | Noticed a troll
     5 | D:1      | Noticed a centaur
     7 | D:1      | Noticed a vampire
     7 | D:1      | Noticed a human
     9 | D:1      | Noticed a draconian
     9 | D:1      | Noticed a gargoyle
    12 | D:1      | Noticed an elf
    12 | D:1      | Noticed a ghoul
    14 | D:1      | Noticed a formicid
    14 | D:1      | Noticed a halfling
    16 | D:1      | Noticed a demonspawn
    16 | D:1      | Noticed a spriggan
    19 | D:1      | Noticed an octopode
    19 | D:1      | Noticed a naga
    21 | D:1      | Noticed a minotaur
    23 | D:1      | Noticed a felid
    25 | D:1      | Noticed a dwarf
    25 | D:1      | Noticed a demigod
    27 | D:1      | Noticed a merfolk
    27 | D:1      | Noticed a vine stalker
    29 | D:1      | Noticed a tengu
   416 | D:1      | Reached XP level 2. HP: 29/29 MP: 2/2
   795 | D:2      | Reached XP level 3. HP: 35/35 MP: 3/3
   871 | D:2      | Found a white marble altar of Elyvilon.
   881 | D:2      | Reached skill level 1 in Invocations
   885 | D:2      | Became a worshipper of Elyvilon the Healer
   885 | D:2      | Reached * piety under Elyvilon
   885 | D:2      | Reached ** piety under Elyvilon
  1041 | D:2      | Noticed Natasha
  1057 | D:2      | Killed Natasha
  1058 | D:2      | Reached skill level 1 in Short Blades
  1058 | D:2      | Reached skill level 1 in Long Blades
  1058 | D:2      | Reached skill level 1 in Axes
  1058 | D:2      | Reached skill level 1 in Maces & Flails
  1058 | D:2      | Reached skill level 1 in Polearms
  1058 | D:2      | Reached skill level 1 in Staves
  1058 | D:2      | Reached skill level 1 in Slings
  1058 | D:2      | Reached skill level 1 in Bows
  1058 | D:2      | Reached skill level 1 in Crossbows
  1058 | D:2      | Reached skill level 1 in Throwing
  1058 | D:2      | Reached skill level 1 in Armour
  1058 | D:2      | Reached skill level 1 in Shields
  1058 | D:2      | Reached skill level 1 in Spellcasting
  1058 | D:2      | Reached skill level 1 in Evocations
  1058 | D:2      | Reached XP level 4. HP: 6/41 MP: 5/5
  1561 | D:2      | Noticed Terence
  1650 | D:2      | Killed Terence
  1651 | D:2      | Reached skill level 1 in Conjurations
  1651 | D:2      | Reached skill level 1 in Hexes
  1651 | D:2      | Reached skill level 1 in Summonings
  1651 | D:2      | Reached skill level 1 in Necromancy
  1651 | D:2      | Reached skill level 1 in Translocations
  1651 | D:2      | Reached skill level 1 in Transmutations
  1651 | D:2      | Reached skill level 1 in Fire Magic
  1651 | D:2      | Reached skill level 1 in Ice Magic
  1651 | D:2      | Reached skill level 1 in Air Magic
  1651 | D:2      | Reached skill level 1 in Earth Magic
  1651 | D:2      | Reached skill level 1 in Poison Magic
  1884 | D:2      | Reached XP level 5. HP: 44/47 MP: 6/6
  1937 | D:2      | Noticed Sigmund
  2254 | D:2      | Noticed Natasha
  2260 | D:2      | Killed Natasha
  2393 | D:2      | Found a white marble altar of Elyvilon.
  2591 | D:2      | Noticed Natasha
  2610 | D:2      | Killed Natasha
  3109 | D:3      | Found an ancient bone altar of Kikubaaqudgha.
  3510 | D:3      | Reached XP level 6. HP: 35/53 MP: 8/8
  4012 | D:3      | Found a basalt altar of Yredelemnul.
  4195 | D:2      | Killed Sigmund
  4295 | D:4      | Reached *** piety under Elyvilon
  4389 | D:4      | Reached XP level 7. HP: 55/59 MP: 10/10
  4466 | D:4      | Found a radiant altar of Vehumet.
  5094 | D:4      | Reached **** piety under Elyvilon
  5294 | D:4      | Reached skill level 5 in Stealth
  5606 | D:4      | Found a snail-covered altar of Cheibriados.
  5930 | D:5      | Entered Level 5 of the Dungeon
  5933 | D:5      | Identified the Volume of Floating Transmutation
  5946 | D:5      | Found a staircase to the Ecumenical Temple.
  5952 | D:5      | Noticed Menkaure
  6889 | D:5      | Got a clouded bronze amulet
  6915 | D:5      | Reached XP level 8. HP: 57/67 MP: 12/12
  7863 | D:5      | Noticed Eustachio
  9071 | D:5      | Killed Menkaure
  9099 | D:5      | Killed Eustachio
  9728 | D:5      | Reached XP level 9. HP: 56/72 MP: 14/14
  9816 | D:6      | Found a shadowy altar of Dithmenos.
 10076 | D:6      | Found Satsiv's Distillery.
 10117 | D:6      | Bought a potion of curing for 45 gold pieces
 10117 | D:6      | Bought a potion of cancellation for 120 gold pieces
 10117 | D:6      | Bought a potion of curing for 45 gold pieces
 10117 | D:6      | Bought a potion of flight for 45 gold pieces
 10629 | D:6      | Noticed Maggie
 10671 | D:6      | Killed Maggie
 11097 | D:6      | Identified the amulet of Votsutta {RegenMP rC+} (You found
                  | it on level 5 of the Dungeon)
 11376 | D:7      | Found Xaogel's Distillery.
 11427 | D:6      | Bought a potion of invisibility for 120 gold pieces
 11490 | D:7      | Reached skill level 5 in Invocations
 12065 | D:7      | Bought a potion of flight for 45 gold pieces
 12944 | D:8      | Found Qademp's Antique Weapon Boutique.
 12954 | D:8      | Found a stormy altar of Qazlal.
 12995 | D:8      | Reached XP level 10. HP: 59/80 MP: 17/17
 13390 | D:8      | Reached skill level 5 in Short Blades
 13390 | D:8      | Reached skill level 5 in Long Blades
 13390 | D:8      | Reached skill level 5 in Axes
 13390 | D:8      | Reached skill level 5 in Maces & Flails
 13390 | D:8      | Reached skill level 5 in Polearms
 13390 | D:8      | Reached skill level 5 in Staves
 13390 | D:8      | Reached skill level 5 in Slings
 13390 | D:8      | Reached skill level 5 in Bows
 13390 | D:8      | Reached skill level 5 in Crossbows
 13390 | D:8      | Reached skill level 5 in Throwing
 13390 | D:8      | Reached skill level 5 in Armour
 13390 | D:8      | Reached skill level 5 in Shields
 13390 | D:8      | Reached skill level 5 in Spellcasting
 13390 | D:8      | Reached skill level 5 in Evocations
 13568 | D:8      | Found a sparkling altar of Nemelex Xobeh.
 13728 | D:7      | Bought a potion of heal wounds for 75 gold pieces
 14921 | D:9      | HP: 4/82 [killer bee (6)]
 15311 | D:9      | Noticed a two-headed ogre
 15341 | D:9      | Killed a two-headed ogre
 15628 | D:9      | Found a shimmering altar of Xom.
 15636 | D:9      | Found a burning altar of Makhleb.
 15806 | D:9      | Found Ohes's Book Boutique.
 16202 | D:9      | Found an ancient bone altar of Kikubaaqudgha.
 16297 | D:9      | Reached XP level 11. HP: 87/87 MP: 19/19
 16774 | D:10     | Entered Level 10 of the Dungeon
 16790 | D:10     | Reached skill level 5 in Conjurations
 16790 | D:10     | Reached skill level 5 in Hexes
 16790 | D:10     | Reached skill level 5 in Summonings
 16790 | D:10     | Reached skill level 5 in Necromancy
 16790 | D:10     | Reached skill level 5 in Translocations
 16790 | D:10     | Reached skill level 5 in Transmutations
 16790 | D:10     | Reached skill level 5 in Fire Magic
 16790 | D:10     | Reached skill level 5 in Ice Magic
 16790 | D:10     | Reached skill level 5 in Air Magic
 16790 | D:10     | Reached skill level 5 in Earth Magic
 16790 | D:10     | Reached skill level 5 in Poison Magic
 16979 | D:10     | Found Cumnau's Distillery.
 16982 | D:10     | Bought 2 potions of heal wounds for 140 gold pieces
 16982 | D:10     | Bought a potion of might for 56 gold pieces
 17035 | D:10     | Found Guvof's Assorted Antiques.
 17138 | D:10     | Found Fopsaj's Assorted Antiques.
 17144 | D:10     | Noticed Maurice
 17232 | D:10     | Noticed a two-headed ogre
 17245 | D:10     | Killed a two-headed ogre
 17419 | D:10     | Killed Maurice
 17424 | D:10     | Bought a scroll labelled OFED AMAXEAGG for 34 gold pieces
 17481 | D:10     | Found Dutiydghe's Jewellery Shop.
 17621 | D:10     | Found Toonk's Assorted Antiques.
 17626 | D:10     | Bought a scroll labelled RAASOY UDDU for 33 gold pieces
 18021 | D:11     | Noticed a skeletal warrior
 18021 | D:11     | Noticed a skeletal warrior
 18021 | D:11     | Noticed a skeletal warrior
 18827 | D:11     | Killed a skeletal warrior
 18836 | D:11     | Killed a skeletal warrior
 18851 | D:11     | Killed a skeletal warrior
 18963 | D:11     | Noticed a death yak
 18964 | D:11     | Noticed a death yak
 18969 | D:11     | Found a staircase to the Lair.
 18969 | D:11     | Noticed a death yak
 19200 | D:10     | Killed a death yak
 19472 | D:11     | Killed a death yak
 19473 | D:11     | Reached XP level 12. HP: 36/96 MP: 22/22
 19483 | D:11     | Killed a death yak
 19586 | D:11     | You fall into a shaft and drop 1 floor!
 20734 | D:11     | Found a staircase to the Orcish Mines.
 20844 | D:12     | Noticed a death knight
 20892 | Lair:1   | Entered Level 1 of the Lair of Beasts
 21395 | D:12     | Noticed a two-headed ogre
 21402 | D:12     | Killed a two-headed ogre
 21941 | D:11     | Killed a death knight
 22388 | D:12     | Reached skill level 10 in Fighting
 22388 | D:12     | Reached skill level 10 in Dodging
 22388 | D:12     | Reached skill level 10 in Unarmed Combat
 22622 | D:12     | Noticed a centaur warrior
 22634 | D:12     | Killed a centaur warrior
 22952 | D:13     | Noticed a centaur warrior
 22974 | D:13     | Killed a centaur warrior
 23187 | D:13     | Reached XP level 13. HP: 85/103 MP: 24/24
 23716 | D:13     | Noticed a fire dragon
 24878 | D:13     | Noticed an entropy weaver
 25665 | D:13     | Found a gate to the Vaults.
 25665 | D:13     | Noticed a vault guard
 25665 | D:13     | Noticed a vault guard
 25717 | D:13     | Mangled by a vault guard

Illustrated notes

Levels and vault maps discovered:
D:1:      kb_arrival_jail, layout_loops_cross, moated_statue,
          serial_bayou_pond_c
D:2:      layout_loops_ring, elyvilon_altar_1, uniq_sigmund, uniq_natasha,
          uniq_terence
D:3:      layout_loops_ring, kiku_gazebo_pond_becter,
          yredelemnul_forgotten_temple_becter, st_stairs_7,
          minmay_misc_feat_secret_circle
D:4:      layout_layer_cave, cheibriados_altar_1, fiery_altar_vehumet,
          small_statue_intersection
D:5:      minmay_angry_zag, layout_rooms, minmay_temple_entry_statues_fountains,
          uniq_menkaure, uniq_eustachio
D:6:      layout_cave_pools, grunt_dithmenos_smoke_and_mirrors, serial_shops,
          shop, minivault_4, mumra_transporter_accident, uniq_maggie
D:7:      layout_rooms, serial_bayou, serial_bayou_lake_a, serial_bayou_pond_d,
          serial_bayou_pond_d, serial_bayou_shore_a, serial_bayou_lagoon_b,
          serial_bayou_pond_e, serial_shops, nicolae_shop_behind_doors
D:8:      layout_rooms, nemelex_xobeh_ov_fountains_minmay,
          nicolae_qazlal_style_of_elements, serial_shops,
          nicolae_shop_behind_doors, dk_noncrumbling_4
D:9:      kennysheep_six_static_rooms, layout_loops_ring,
          grunt_temple_overflow_champion_of_chaos, serial_shops,
          nicolae_shop_crystal, lemuel_mausoleum_altar_kikubaaqudgha
D:10:     layout_loops_corners, serial_shops, kennysheep_little_box,
          nicolae_shop_statue_plus, shop, shop, nicolae_shop_behind_doors,
          uniq_maurice
D:11:     layout_roguey, dpeg_lair_monsters, orc_0_dummy
D:12:     layout_stronghold, hex_medium, chequers_serial_rivers_micro_c
D:13:     layout_basic, grunt_vaults_entry_tiered
Lair:1:   beast_lair_carwin_large_2, layout_gridlike, kennysheep_snail_temple

Skill      XL: |  1  2  3  4  5  6  7  8  9 10 11 12 13 |
---------------+----------------------------------------+-----
Invocations    | 1 2 3 4 5 6 7 8 |  8.9
Short Blades   | 1 2 3 4 5 6 7 8 |  8.1
Long Blades    | 1 2 3 4 5 6 7 8 |  8.1
Axes           | 1 2 3 4 5 6 7 8 |  8.1
Maces & Flails | 1 2 3 4 5 6 7 8 |  8.1
Polearms       | 1 2 3 4 5 6 7 8 |  8.1
Staves         | 1 2 3 4 5 6 7 8 |  8.1
Slings         | 1 2 3 4 5 6 7 8 |  8.1
Bows           | 1 2 3 4 5 6 7 8 |  8.1
Crossbows      | 1 2 3 4 5 6 7 8 |  8.1
Throwing       | 1 2 3 4 5 6 7 8 |  8.1
Armour         | 1 2 3 4 5 6 7 8 |  8.1
Shields        | 1 2 3 4 5 6 7 8 |  8.1
Spellcasting   | 1 2 3 4 5 6 7 8 |  8.1
Evocations     | 1 2 3 4 5 6 7 8 |  8.1
Conjurations   | 1 2 3 4 5 6 |  6.8
Hexes          | 1 2 3 4 5 6 |  6.8
Summonings     | 1 2 3 4 5 6 |  6.8
Necromancy     | 1 2 3 4 5 6 |  6.8
Translocations | 1 2 3 4 5 6 |  6.8
Transmutations | 1 2 3 4 5 6 |  6.8
Fire Magic     | 1 2 3 4 5 6 |  6.8
Ice Magic      | 1 2 3 4 5 6 |  6.8
Air Magic      | 1 2 3 4 5 6 |  6.8
Earth Magic    | 1 2 3 4 5 6 |  6.8
Poison Magic   | 1 2 3 4 5 6 |  6.8
Fighting       | 7 8 9 10 | 10.4
Dodging        | 7 8 9 10 | 10.4
Unarmed Combat | 7 8 9 10 | 10.4
Stealth        | 5 6 7 8 9 |  9.2

Action                   |  1- 3 |  4- 6 |  7- 9 | 10-12 | 13-15 || total
-------------------------+-------+-------+-------+-------+-------++-------
Melee: Unarmed           |    67 |   151 |    32 |       |       ||   250
       Bite              |     8 |    18 |    57 |   109 |    31 ||   223
       Punch             |       |     6 |    13 |    57 |    13 ||    89
       Hand axe          |       |       |   428 |   808 |   181 ||  1417
       Whip              |       |       |       |       |     3 ||     3
Throw: Dart              |       |       |       |    13 |     6 ||    19
Invok: Greater Healing   |       |       |     7 |    11 |     3 ||    21
       Divine Protection |       |       |     1 |       |       ||     1
       Lesser Healing    |       |       |     1 |     1 |       ||     2
       Purification      |       |       |       |     4 |       ||     4
Evoke: Wand              |       |       |     1 |    22 |     5 ||    28
  Use: Scroll            |       |       |    14 |    16 |     4 ||    34
       Potion            |       |       |       |    10 |       ||    10
 Stab: Sleeping          |     7 |     9 |    10 |    32 |     2 ||    60
       Distracted        |       |       |     1 |       |     2 ||     3
       Paralysed         |       |       |     2 |     3 |       ||     5
       Invisible         |       |       |       |     2 |       ||     2
Armor: Robe              |     8 |    10 |    64 |    41 |       ||   123
       Troll leather arm |       |       |       |    85 |    52 ||   137
Dodge: Dodged            |    37 |   108 |   447 |   708 |   141 ||  1441
